 Dungeon Crawl Stone Soup version 0.28-a0-1415-g7c84da036a (webtiles) character file.

Game seed: 3519763209425894734

70 HallandMoats the Skirmisher (level 4, -6/39 HPs)
             Began as a Ghoul Fighter on Jan 7, 2022.
             Was a Follower of Qazlal.
             Mangled by Crazy Yiuf (11 damage)
             ... on level 2 of the Dungeon.
             The game lasted 00:02:05 (1601 turns).

HallandMoats the Skirmisher (Ghoul Fighter)         Turns: 1601, Time: 00:02:05

Health: -6/39      AC:  6    Str: 19    XL:     4   Next: 22%
Magic:  2/3        EV:  9    Int:  5    God:    Qazlal [*.....]
Gold:   133        SH:  6    Dex:  8    Spells: 3/3 levels left

rFire   . . .      SeeInvis .   f - +1 dagger (venom)
rCold   + . .      Faith    .   c - +0 buckler
rNeg    + + +      Spirit   .   b - +0 scale mail
rPois   ∞          Reflect  .   (no helmet)
rElec   .          Harm     .   (no cloak)
rCorr   .          Rampage  .   (no gloves)
Will    .....                   (no boots)
Stlth   ..........              (no amulet)
HPRegen 0.00/turn               (no ring)
MPRegen 0.08/turn               (no ring)

@: inhibited regen, slowed, very slow
A: claws 1, cold resistance 1, negative energy resistance 3, inhibited
regeneration, torment resistance 2
a: Renounce Religion


You were on level 2 of the Dungeon.
You worshipped Qazlal.
Qazlal was aware of your devotion.
You visited 1 branch of the dungeon, and saw 2 of its levels.

You collected 133 gold pieces.

Inventory:

Hand Weapons
 a - a +0 flail
 f - a +1 dagger of venom (weapon)
Armour
 b - a +0 scale mail (worn)
 c - a +0 buckler (worn)
Scrolls
 e - a scroll of enchant weapon {unknown}
 g - a scroll of fog {unknown}
 i - 2 scrolls of teleportation {unknown}
 j - a scroll of immolation {unknown}
 k - a scroll of fear {unknown}
 m - 3 scrolls of identify {unknown}
 n - a scroll of amnesia {unknown}
Potions
 d - a potion of might
 h - a potion of brilliance {unknown}
 l - a potion of resistance {unknown}
 o - a potion of magic {unknown}


   Skills:
 + Level 3.6 Fighting
 + Level 2.1 Maces & Flails
 + Level 3.0 Armour
 + Level 0.9 Dodging
 * Level 3.3 Shields
 * Level 1.2 Invocations


You had 3 spell levels left.
You didn't know any spells.
Your spell library was empty.

Dungeon Overview and Level Annotations

Branches:
Dungeon (2/15)

Altars:
Qazlal

Shops:
D:2 [

Annotations:
D:2 Crazy Yiuf


Innate Abilities, Weirdness & Mutations

You thrive by killing the living.
You are immune to poison.
You have sharp fingernails.
Your flesh is cold resistant. (rC+)
You are immune to negative energy. (rN+++)
You do not regenerate when monsters are visible.
You are immune to unholy pain and torment.


Message History

No target in view!
You see here 21 sling bullets.
You see here 21 sling bullets.
You see here a +0 ring mail.
You see here a +0 dagger.
Key pressed, stopping explore.
No target in view!
Key pressed, stopping explore.
No target in view!
Crazy Yiuf shouts!
No reachable target in view!
Could not explore, unopened runed door.
No reachable target in view!
Could not explore, unopened runed door.
No reachable target in view!
Could not explore, unopened runed door.
No reachable target in view!
You open the door. You hit Crazy Yiuf but do no damage.
Crazy Yiuf is poisoned.
Crazy Yiuf says, "Trifle hog snail!"
Crazy Yiuf hits you with a +4 quarterstaff of chaos!
You feel yourself slow down.
You hit Crazy Yiuf but do no damage.
Crazy Yiuf hits you with a +4 quarterstaff of chaos!
You feel your power leaking away. You block Crazy Yiuf's attack.
Crazy Yiuf hits you with a +4 quarterstaff of chaos.
Crazy Yiuf freezes you.
* * * LOW HITPOINT WARNING * * *
Crazy Yiuf waves his quarterstaff at you.
Crazy Yiuf barely misses you.
You hit Crazy Yiuf but do no damage.
Crazy Yiuf looks even sicker.
Crazy Yiuf is moderately wounded.
Crazy Yiuf hits you with a +4 quarterstaff of chaos.
* * * LOW HITPOINT WARNING * * *
You convulse.
* * * LOW HITPOINT WARNING * * *
Crazy Yiuf barely misses you.
Crazy Yiuf hits you with a +4 quarterstaff of chaos!
You die...

.(##.###♣.♣......###.##.......♣♣♣
##...# #........# #.##........♣♣
##.### ♣.♣......# #............♣
##.# #.....#### ##############
...#####♣.♣...# ..............#
########♣.♣...##♣♣ ###
#......#.♣♣ ♣♣#..)#
♣.♣#....@g♣♣♣♣.'...#
#.###......♣..♣#...# #.#
##.#..♣.♣♣♣ ### ##.# ###♣♣♣♣♣
###..# ♣♣.♣♣.# ♣♣P....# ♣♣...♣♣##
♣..♣♣♣♣#


You could see Crazy Yiuf (very poisoned).

Vanquished Creatures
  Jessica (D:2)
  2 worms (D:2)
  2 ball pythons
  2 endoplasms
  6 giant cockroaches
  2 goblins
  3 hobgoblins
  2 kobolds
  4 quokkas
  5 bats
  3 frilled lizards
  2 rats (D:1)
34 creatures vanquished.

Notes
Turn   | Place    | Note
-------+----------+-------------------------------------------
     0 | D:1      | HallandMoats the Ghoul Fighter began the quest for the Orb.
     0 | D:1      | Reached XP level 1. HP: 19/19 MP: 0/0
   100 | D:1      | Reached XP level 2. HP: 26/26 MP: 1/1
   162 | D:1      | Found a faded altar of an unknown god.
   250 | D:1      | Prayed at the altar of an unknown god.
   250 | D:1      | Became a worshipper of Qazlal Stormbringer
   250 | D:1      | Reached * piety under Qazlal
   708 | D:1      | Reached XP level 3. HP: 31/31 MP: 2/2
   909 | D:2      | Noticed Jessica
   916 | D:2      | Killed Jessica
   917 | D:2      | Reached skill level 1 in Invocations
   917 | D:2      | Reached XP level 4. HP: 28/38 MP: 3/3
  1180 | D:2      | Found Weleoxt's Armour Shop.
  1389 | D:2      | Found a runed translucent door.
  1390 | D:2      | Noticed Crazy Yiuf
  1601 | D:2      | Mangled by Crazy Yiuf

Illustrated notes

Levels and vault maps discovered:
D:1:      lightli_arrival_statue_moat, layout_loops_ring,
          hellmonk_ecumenical_altar_lost_god, minmay_quantized
D:2:      layout_rooms, serial_forest, infiniplex_forest_lined_corner,
          infiniplex_forest_join, infiniplex_forest_lined_2,
          infiniplex_forest_lined_3, infiniplex_forest_end_2,
          infiniplex_forest_straight_2, infiniplex_forest_corner_2,
          serial_shops, shop, uniq_jessica, uniq_crazy_yiuf_cottage

Skill      XL: |  1  2  3 |
---------------+----------+-----
Shields        | 3 |  3.3
Maces & Flails | 2 |  2.1
Armour         | 3 |  3.0
Invocations    | 1 |  1.2
Fighting       | |  3.6
Dodging        | |  0.9

Action                   |  1- 3 |  4- 6 || total
-------------------------+-------+-------++-------
Melee: Flail             |    12 |       ||    12
       Dagger            |    62 |    38 ||   100
Armor: Scale mail        |    24 |    15 ||    39
Dodge: Dodged            |    27 |    14 ||    41
Block: Buckler           |    14 |     8 ||    22

Table legend: (Time is in decaauts)
 A = Elapsed time spent in this place.
 B = Non-inter-level travel time spent in this place.
 C = Inter-level travel time spent in this place.
 D = Time resting spent in this place.
 E = Time spent auto-exploring this place.
 F = Levels seen in this place.
 G = Mean time per level.
                   A        B        C        D        E       F      G
               +--------+--------+--------+--------+--------+-----+--------+
         Total |   1611 |   1536 |     75 |      0 |   1272 |   2 |  805.5 |
       Dungeon |   1611 |   1536 |     75 |      0 |   1272 |   2 |  805.5 |
               +--------+--------+--------+--------+--------+-----+--------+

Top non-repeatable levels by time:
     D:1: 840 daAuts
     D:2: 770 daAuts
